 Dungeon Crawl Stone Soup version 0.31-a0-1626-g5cb510d322 (webtiles) character file.

Game seed: 11585342392775933171

44828 benadryl the Severer (level 14, 0/82 HPs)
             Began as a Gargoyle Fighter on Jan 12, 2024.
             Was a High Priest of Hepliaklqana.
             Slain by a 17-headed hydra (2 damage)
             ... on level 5 of the Lair of Beasts.
             The game lasted 00:35:02 (16005 turns).

benadryl the Severer (Gargoyle Fighter)            Turns: 16005, Time: 00:35:03

Health: 0/82       AC: 29    Str: 27    XL:     14   Next: 30%
Magic:  16/16      EV: 13    Int: 10    God:    Hepliaklqana [*****.]
Gold:   1917       SH: 10    Dex:  9    Spells: 13/13 levels left

rFire   + . .        u - +3 war axe
rCold   + . .        q - +0 kite shield
rNeg    + . .        M - +3 chain mail of the Lizard {-Cast rElec Str+3 Slay+5}
rPois   ∞            e - +1 helmet
rElec   +            r - scarf {rC+ rF+}
rCorr   .            d - +0 pair of gloves
SInv    .            j - +0 pair of boots
Will    +....        (no amulet) Stlth
                     i - +5 ring of evasion
HPRegen 0.33/turn    (no ring)
MPRegen 0.15/turn

%: no spellcasting
@: about to teleport, flying
A: reduced essence, sickness immunity, AC +10, big wings, negative energy
resistance 1, electricity resistance, torment resistance 1, petrification
resistance
a: Renounce Religion, Recall Ancestor, Ancestor Identity, Transference, Idealise


You were on level 5 of the Lair of Beasts.
You worshipped Hepliaklqana.
Hepliaklqana was extremely pleased with you.
You visited 2 branches of the dungeon, and saw 15 of its levels.
You also visited: Bailey.

You collected 2089 gold pieces.
You spent 172 gold pieces at shops.

Inventory:

Hand Weapons
 u - a +3 war axe (weapon)
Missiles
 s - 10 boomerangs
 O - a throwing net (quivered)
Armour
 c - a +0 buckler
 d - a +0 pair of gloves (worn)
 e - a +1 helmet (worn)
 j - a +0 pair of boots (worn)
 o - a +4 chain mail of poison resistance
 q - a +0 kite shield (worn)
 r - a scarf of resistance (worn)
 M - the +3 chain mail of the Lizard (worn) {-Cast rElec Str+3 Slay+5}
   (You found it on level 1 of the Lair of Beasts)

   Str+3:     It affects your strength (+3).
   Slay+5:    It affects your accuracy & damage with ranged weapons and melee
   (+5).
   rElec:     It insulates you from electricity.
   -Cast:     It prevents spellcasting.
Jewellery
 i - a +5 ring of evasion (left hand)
 p - a ring of protection from cold
 K - a ring of fire
 L - a ring of ice
Wands
 a - a wand of flame (31)
 h - a wand of polymorph (5)
 k - a wand of quicksilver (29)
 C - a wand of mindburst (5)
 F - a wand of iceblast (5)
Scrolls
 t - 2 scrolls of enchant armour
 w - 4 scrolls of teleportation
 x - a scroll of enchant weapon
 y - 4 scrolls of poison
 A - 2 scrolls of amnesia
 D - 3 scrolls of immolation
 E - 2 scrolls of identify {@r1}
 G - 2 scrolls of revelation
 I - a scroll of fog
 J - 2 scrolls of vulnerability
Potions
 b - 4 potions of attraction
 f - 4 potions of mutation
 l - 4 potions of curing {@q1}
 m - a potion of resistance
 n - 2 potions of heal wounds
 v - a potion of magic
 z - 2 potions of ambrosia
 B - 4 potions of brilliance
 H - a potion of lignification
 N - a potion of might
 P - a potion of haste
 Q - a potion of enlightenment
Miscellaneous
 g - a phial of floods


   Skills:
 * Level 12.0 Fighting
 - Level 16.0 Axes
 - Level 7.0 Throwing
 - Level 9.0 Armour
 - Level 10.0 Shields
 - Level 3.2 Invocations


You had 13 spell levels left.
You didn't know any spells.
Your spell library contained the following spells:

 Spells                   Type           Power      Damage    Failure   Level
 Slow                     Hex            0%         N/A       94%         1
 Mercury Vapours          Alch/Air       0%         N/A       98%         2
 Scorch                   Fire           0%         2d5       98%         2
 Call Canine Familiar     Summ           0%         N/A       100%        3
 Confusing Touch          Hex            0%         N/A       100%        3
 Fugue of the Fallen      Necr           0%         N/A       100%        3
 Hailstorm                Conj/Ice       0%         3d5       100%        3
 Mephitic Cloud           Conj/Alch/Air  0%         N/A       100%        3
 Ozocubu's Armour         Ice            0%         N/A       100%        3
 Sigil of Binding         Hex            0%         N/A       100%        3
 Summon Ice Beast         Ice/Summ       0%         N/A       100%        3
 Vampiric Draining        Necr           0%         2d6       100%        3
 Animate Armour           Summ/Erth      0%         N/A       100%        4
 Animate Dead             Necr           0%         N/A       100%        4
 Dimensional Bullseye     Hex/Tloc       0%         N/A       100%        4
 Flame Wave               Conj/Fire      0%         2d4       100%        4
 Manifold Assault         Tloc           0%         N/A       100%        4
 Summon Lightning Spire   Summ/Air       0%         N/A       100%        4
 Borgnjor's Vile Clutch   Necr/Erth      0%         N/A       100%        5
 Freezing Cloud           Conj/Ice/Air   0%         6-21      100%        5
 Lee's Rapid Deconstruct  Erth           0%         3d4*      100%        5
 Death Channel            Necr           0%         N/A       100%        6
 Sculpt Simulacrum        Ice/Alch       0%         N/A       100%        6
 Summon Cactus Giant      Summ           0%         N/A       100%        6


Dungeon Overview and Level Annotations

Branches:
Dungeon (10/15)            Temple (0/1) D:4            Lair (5/5) D:10
  Swamp (0/4) Lair:3       Spider (0/4) Lair:3       Bailey (visited)
  Slime: Lair:4-5       Orc: D:9-12

Altars:
Ashenzari
Dithmenos
Elyvilon
Fedhas
Hepliaklqana
Ru
Sif Muna
Trog
Uskayaw
Wu Jian
Yredelemnul
Zin
The Shining One

Shops:
D:1 :   D:4 [   D:6 :(([

Annotations:
D:6 4 runed translucent doors, Pokonic1's ghost, novice GrFi
Lair:5 1 runed translucent door, zenocrate's ghost, journeyman VSEn


Innate Abilities, Weirdness & Mutations

Your life essence is reduced to manifest your ancestor. (-10% HP)
You are immune to sickness and miasma.
Your stone body is resilient. (AC +10)
You are immune to poison.
Your large and strong wings let you fly.
You resist negative energy. (rN+)
You are resistant to electric shocks. (rElec)
You are resistant to unholy torment.
You are immune to petrification.


Message History

The 17-headed hydra misses you. x2
The 17-headed hydra bites you but does no damage. x2
Okay, then.
Aiming: Mindburst
Press: ? - help, Shift-Dir - straight line, f/p - 17-headed hydra
Aim: a 17-headed hydra (heavily wounded, chance to affect: 29%)
The 17-headed hydra easily resists.
The 17-headed hydra bites you but does no damage.
The 17-headed hydra misses you. The 17-headed hydra closely misses you.
The 17-headed hydra barely misses you. The 17-headed hydra bites you.
* * * LOW HITPOINT WARNING * * *
The 17-headed hydra bites you but does no damage.
The 17-headed hydra barely misses you.
The 17-headed hydra bites you but does no damage. x2
The 17-headed hydra barely misses you.
The 17-headed hydra bites you but does no damage.
The 17-headed hydra misses you.
The 17-headed hydra bites you but does no damage. x3
The 17-headed hydra closely misses you. The 17-headed hydra bites you!
* * * LOW HITPOINT WARNING * * *
Aiming: Throw Flame
Press: ? - help, Shift-Dir - straight line, f/p - 17-headed hydra
Aim: a 17-headed hydra (heavily wounded, 89% to hit)
The puff of flame hits the 17-headed hydra.
The 17-headed hydra is heavily wounded.
The 17-headed hydra bites you.
* * * LOW HITPOINT WARNING * * *
The 17-headed hydra bites you but does no damage.
You block the 17-headed hydra's attack. The 17-headed hydra barely misses you.
The 17-headed hydra bites you but does no damage.
The 17-headed hydra misses you.
The 17-headed hydra bites you but does no damage.
You block the 17-headed hydra's attack. x2
The 17-headed hydra bites you but does no damage.
The 17-headed hydra closely misses you.
The 17-headed hydra bites you but does no damage. x3
The 17-headed hydra bites you!
* * * LOW HITPOINT WARNING * * *
The 17-headed hydra bites you.
You die...

####~~~.######.#~#~..
#.. #~.~~~.~~~~~~~~~..
##.
~~~~..~.~~.~~~~~~~~. .
## ~##~~~~~.#~~~~#~~.#
..
#~~~~~~#~~~##~~##..#
~~......~~...~.~.~~..
.......#.#.~.....#...#
##
##.........#...[....#
####.
#.#....#..##@......#
#.P#.
#####....D†..##.#
#.... #...........#
####...P
##....##.....##.P.....
#....(. .....#........
......##
#...##........ ......#
....#........ ......
....##.#..... ...##
.####.......


You could see a 17-headed hydra.

Vanquished Creatures
  Rupert (Lair:3)
  Fannar (Lair:1)
  3 hydras
  A merfolk avatar (Lair:5)
  A ghost crab (Lair:3)
  3 death yaks
  2 skysharks (Lair:5)
  A spectral death yak (Lair:3)
  A sea snake (Lair:5)
  A pharaoh ant (Lair:3)
  A spectral hydra (Lair:3)
  An orc knight (Bailey)
  Maurice (D:7)
  A manticore (Lair:5)
  10 elephants
  3 black mambas
  4 rime drakes
  An unseen horror (D:10)
  12 cane toads
  6 komodo dragons
  Grinder (D:4)
  A wind drake (Lair:5)
  6 blink frogs
  2 spectral black mambas (Lair:3)
  A vampire (D:9)
  7 wyverns
  A wraith (D:9)
  4 steam dragons
  4 basilisks
  18 yaks
  A redback (Lair:3)
  4 vampire mosquitoes (D:10)
  6 water moccasins
  Duvessa (D:5)
  3 orc warriors
  2 black bears (D:10)
  4 ogres
  5 wolves (Lair:1)
  2 centaurs
  A weeping skull (D:6)
  4 kobold brigands
  2 phantoms
  8 scorpions
  5 bullfrogs
  24 wights
  Dowan (D:5)
  7 killer bees
  An electric eel (Lair:3)
  A howler monkey (D:4)
  2 bombardier beetles
  A jelly (D:6)
  2 gnoll boudas
  A hound (D:5)
  3 orc priests
  Terence (D:3)
  A sleepcap (D:8)
  7 iguanas
  6 orc wizards
  Robin (D:3)
  15 gnolls
  15 adders
  A shadow imp (D:8)
  2 white imps
  2 dart slugs
  24 orcs
  7 ball pythons
  3 endoplasms
  3 giant cockroaches
  20 goblins
  13 hobgoblins
  7 jackals
  2 quokkas (D:3)
  4 bats
  A frilled lizard (D:3)
  10 kobolds
  6 rats
  A spectral orc (D:6)
343 creatures vanquished.

Vanquished Creatures (collateral kills)
  A hydra (Lair:4)
  A death yak (Lair:3)
  A skyshark (Lair:5)
  A sea snake (Lair:5)
  6 elephants
  A black mamba (Lair:1)
  A torpor snail (Lair:3)
  2 rime drakes
  3 cane toads
  A komodo dragon (D:10)
  2 trolls
  A polar bear (Lair:5)
  A blink frog (Lair:3)
  5 yaks
  A wyvern (Lair:4)
  3 vampire mosquitoes (D:10)
  5 water moccasins
  A wolf (Lair:1)
  4 kobold brigands (Bailey)
  4 bullfrogs
  A gnoll sergeant (D:8)
  5 killer bees
  2 orc wizards
  7 kobolds
60 creatures vanquished.

Vanquished Creatures (others)
  6 knights
  2 ancestors (Bailey)
8 creatures vanquished.

Grand Total: 411 creatures vanquished

Notes
Turn   | Place    | Note
-------+----------+-------------------------------------------
     0 | D:1      | benadryl the Gargoyle Fighter began the quest for the Orb.
     0 | D:1      | Reached XP level 1. HP: 14/14 MP: 1/1
   217 | D:1      | Reached skill level 2 in Axes
   217 | D:1      | Reached XP level 2. HP: 20/20 MP: 2/2
   517 | D:1      | Found Dileusm's Book Shop.
   622 | D:2      | Reached XP level 3. HP: 24/24 MP: 3/3
  1021 | D:2      | Reached XP level 4. HP: 30/30 MP: 4/4
  1047 | D:2      | Found a blossoming altar of Fedhas.
  1658 | D:3      | Reached skill level 5 in Fighting
  1805 | D:3      | Reached skill level 3 in Axes
  1805 | D:3      | Reached XP level 5. HP: 18/35 MP: 5/5
  1937 | D:3      | Noticed Terence
  1955 | D:3      | Killed Terence
  2096 | D:3      | Noticed Robin
  2123 | D:3      | Killed Robin
  2130 | D:3      | Reached XP level 6. HP: 24/41 MP: 6/6
  2309 | D:3      | Found a faded altar of an unknown god.
  2754 | D:4      | Noticed Grinder
  2782 | D:4      | Killed Grinder
  2783 | D:4      | Reached skill level 4 in Axes
  2783 | D:4      | Reached XP level 7. HP: 30/48 MP: 7/7
  2866 | D:4      | Found Meisuoso's Antique Armour Shop.
  2874 | D:4      | Bought a shiny chain mail for 172 gold pieces
  2921 | D:4      | Reached skill level 5 in Axes
  3232 | D:4      | Found a staircase to the Ecumenical Temple.
  3410 | D:5      | Entered Level 5 of the Dungeon
  3436 | D:5      | Noticed Dowan
  3437 | D:5      | Noticed Duvessa
  3455 | D:5      | Killed Duvessa
  3462 | D:5      | Killed Dowan
  3463 | D:5      | Reached skill level 6 in Axes
  3463 | D:5      | Reached XP level 8. HP: 53/53 MP: 8/8
  3838 | D:5      | Reached skill level 5 in Shields
  4217 | D:5      | Reached skill level 7 in Axes
  4862 | D:6      | Reached XP level 9. HP: 57/57 MP: 9/9
  4895 | D:6      | Found a basalt altar of Yredelemnul.
  4911 | D:6      | Reached skill level 8 in Axes
  5032 | D:6      | Found Vontal's Book Emporium.
  5085 | D:6      | Found a runed translucent door.
  5321 | D:6      | Found a glowing golden altar of the Shining One.
  5324 | D:6      | Found a broken altar of Ashenzari.
  5327 | D:6      | Found a hide-covered altar of Uskayaw.
  5330 | D:6      | Found a sacrificial altar of Ru.
  5359 | D:6      | Found Ceamyit's Weapon Shoppe.
  5364 | D:6      | Reached skill level 9 in Axes
  5413 | D:6      | Found Renomine's Antique Weapon Emporium.
  5414 | D:6      | Found a runed translucent gate.
  5420 | D:6      | Found a runed translucent gate.
  5420 | D:6      | Noticed Pokonic1's ghost (novice GrFi)
  5422 | D:6      | Noticed a kobold demonologist
  5460 | D:6      | Found a runed translucent gate.
  5469 | D:6      | Found a transporter.
  5469 | D:6      | Found Mointem's Armour Shoppe.
  5472 | D:6      | Found a transporter.
  5997 | D:7      | Reached skill level 10 in Axes
  6166 | D:7      | Found a shadowy altar of Dithmenos.
  6167 | D:7      | Found a shimmering blue altar of Sif Muna.
  6168 | D:7      | Found an ornate altar of the Wu Jian Council.
  6170 | D:7      | Found a bloodstained altar of Trog.
  6170 | D:7      | Found a white marble altar of Elyvilon.
  6171 | D:7      | Found a hazy altar of Hepliaklqana.
  6188 | D:7      | Became a worshipper of Hepliaklqana the Forgotten
  6242 | D:7      | Noticed Maurice
  6250 | D:7      | Maurice stole a ring of magical power
  6260 | D:7      | Something stole 2 throwing nets
  6276 | D:7      | Something stole a +0 kite shield
  6295 | D:7      | Something stole 33 gold
  6297 | D:7      | Maurice stole 195 gold
  6399 | D:7      | Killed Maurice
  6400 | D:7      | Reached skill level 11 in Axes
  6400 | D:7      | Reached XP level 10. HP: 61/63 MP: 8/10
  6982 | D:8      | Reached * piety under Hepliaklqana
  7359 | D:9      | Found a flagged portal.
  7386 | Bailey   | Entered a bailey
  7428 | Bailey   | Reached skill level 12 in Axes
  7462 | Bailey   | Noticed an orc knight
  7499 | Bailey   | Killed an orc knight
  7500 | Bailey   | Reached skill level 1 in Throwing
  7721 | Bailey   | Found a bloodstained altar of Trog.
  8028 | D:9      | Reached XP level 11. HP: 53/63 MP: 11/11
  8575 | D:10     | Entered Level 10 of the Dungeon
  8611 | D:10     | Reached ** piety under Hepliaklqana
  8612 | D:10     | Remembered your ancestor Big Ol Steve as a knight
  8721 | D:10     | Reached skill level 10 in Fighting
  9732 | D:10     | Found a staircase to the Lair.
 10500 | Lair:1   | Entered Level 1 of the Lair of Beasts
 10778 | Lair:1   | Reached *** piety under Hepliaklqana
 10862 | Lair:1   | Noticed Fannar
 10877 | Lair:1   | Killed Fannar
 10906 | Lair:1   | Identified the +3 chain mail of the Lizard {-Cast rElec
                  | Str+3 Slay+5}
 11189 | Lair:1   | Reached XP level 12. HP: 65/72 MP: 12/12
 11354 | Lair:2   | Found a glowing silver altar of Zin.
 11364 | Lair:2   | Noticed a five-headed hydra
 11368 | Lair:2   | Killed a five-headed hydra
 11421 | Lair:2   | Noticed a six-headed hydra
 11429 | Lair:2   | Killed a six-headed hydra
 11430 | Lair:2   | Reached skill level 10 in Shields
 11456 | Lair:2   | Reached skill level 5 in Throwing
 11973 | Lair:2   | Reached **** piety under Hepliaklqana
 12028 | Lair:2   | You fall into a shaft and drop 2 floors!
 12062 | Lair:4   | Reached skill level 13 in Axes
 12283 | Lair:4   | Noticed a death yak
 12299 | Lair:4   | Killed a death yak
 12330 | Lair:4   | Noticed a death yak
 12332 | Lair:4   | Reached XP level 13. HP: 77/77 MP: 13/13
 12348 | Lair:4   | Reached skill level 14 in Axes
 12835 | Lair:3   | Found a hole to the Spider Nest.
 12851 | Lair:3   | Noticed Rupert
 13351 | Lair:3   | Killed Rupert
 13601 | Lair:3   | Reached skill level 15 in Axes
 13882 | Lair:3   | Found a staircase to the Swamp.
 14601 | Lair:4   | Reached ***** piety under Hepliaklqana
 15082 | Lair:5   | Entered Level 5 of the Lair of Beasts
 15237 | Lair:5   | Reached skill level 16 in Axes
 15383 | Lair:5   | Noticed zenocrate's ghost (journeyman VSEn)
 15399 | Lair:5   | Found a runed translucent door.
 15404 | Lair:5   | Reached skill level 5 in Armour
 15426 | Lair:5   | Gained mutation: Your large and strong wings let you fly.
                  | [Gargoyle growth]
 15426 | Lair:5   | Reached XP level 14. HP: 74/82 MP: 16/16
 15688 | Lair:5   | Found the +7 captain's cutlass {speed, disarm}
 16005 | Lair:5   | HP: 2/82 [17-headed hydra (9)]
 16005 | Lair:5   | Slain by a 17-headed hydra

Illustrated notes

Levels and vault maps discovered:
D:1:      heliophobic_arrival_henge, layout_loops_ring, serial_shops,
          nicolae_shop_stone
D:2:      layout_basic, basic_altar, minmay_misc_feat_tiny,
          minmay_misc_feat_alley, minmay_goblin_outpost
D:3:      layout_basic, hellmonk_ecumenical_altar_slurped_away,
          serial_bayou_pond_e, uniq_robin, uniq_terence
D:4:      layout_basic, minmay_temple_entry_hall, serial_shops, shop,
          uniq_grinder
D:5:      layout_basic, uniq_duvessa
D:6:      nicolae_cairo_tiling_large, layout_cave_pools,
          yredelemnul_forgotten_temple_becter, grunt_temple_overflow_cloverleaf,
          gammafunk_ghost_nasty_kobolds, serial_shops,
          nicolae_shop_tiny_waterfront, nicolae_shop_drivethru, shop,
          nicolae_shop_tiny_waterfront, grunt_ministairs_12,
          lightli_church_of_beogh
D:7:      lemuel_ice_spiral_2, layout_basic, grunt_temple_overflow_open,
          uniq_maurice
D:8:      layout_loops_cross, serial_library_hellmonk_secret_room
D:9:      layout_basic, enter_bailey_6
D:10:     layout_layer_cave, grunt_lair_entry_orc_guard_hut
Lair:1:   layout_long_grid, grunt_megastairs_2, uniq_fannar
Lair:2:   layout_cave_pods, basic_altar
Lair:3:   layout_hall_layers, nicolae_swamp_entry_spooky,
          nicolae_spider_entry_lesser_pyramids, serial_bayou_pond_a,
          serial_bayou_pond_d, uniq_rupert
Lair:4:   layout_hall_layers, beast_lair_carwin_10
Lair:5:   gammafunk_lair_ancient_temple, layout_layer_cave,
          minmay_slime_entry_oklob_enclosed, hellmonk_ghost_happy_afterlife

Skill      XL: |  1  2  3  4  5  6  7  8  9 10 11 12 13 14 |
---------------+-------------------------------------------+-----
Axes           | 2 3 4 6 7 11 12 13 16 | 16.0
Fighting       | 4 5 6 7 9 12 | 12.0
Shields        | 4 6 9 10 | 10.0
Throwing       | 3 4 7 |  7.0
Invocations    | 3 |  3.2
Armour         | 5 9 |  9.0

Action                     |  1- 3 |  4- 6 |  7- 9 | 10-12 | 13-15 || total
---------------------------+-------+-------+-------+-------+-------++-------
  Melee: War axe           |    94 |   171 |   348 |   513 |   244 ||  1370
         Unarmed           |       |       |     3 |       |       ||     3
  Throw: Throwing net      |       |     4 |    11 |       |     2 ||    17
         Boomerang         |       |       |       |    46 |    82 ||   128
 Invoke: Ancestor Identity |       |       |       |     1 |       ||     1
         Recall Ancestor   |       |       |       |     2 |       ||     2
         Ancestor Life: Kn |       |       |       |     1 |       ||     1
         Idealise          |       |       |       |       |     1 ||     1
  Evoke: Wand              |       |       |     4 |     5 |     8 ||    17
    Use: Scroll            |       |    10 |     7 |    10 |     7 ||    34
         Potion            |       |     2 |     3 |     1 |     5 ||    11
   Stab: Held in net/web   |       |     1 |     2 |       |       ||     3
         Distracted        |       |       |       |     3 |     3 ||     6
 Armour: Scale mail        |    74 |    14 |       |       |       ||    88
         Chain mail        |       |   142 |   259 |   391 |   254 ||  1046
         Skin              |       |       |    38 |       |       ||    38
  Dodge: Dodged            |    51 |    53 |   107 |   367 |   137 ||   715
  Block: Buckler           |    26 |    42 |    79 |   118 |       ||   265
         Kite shield       |       |       |       |    34 |   135 ||   169

Table legend: (Time is in decaauts)
 A = Elapsed time spent in this place.
 B = Non-inter-level travel time spent in this place.
 C = Inter-level travel time spent in this place.
 D = Time resting spent in this place.
 E = Time spent auto-exploring this place.
 F = Levels seen in this place.
 G = Mean time per level.
                   A        B        C        D        E       F      G
               +--------+--------+--------+--------+--------+-----+--------+
         Total |  16049 |  15530 |    519 |   2670 |   9232 |  16 | 1003.1 |
       Dungeon |  10205 |   9875 |    330 |   1058 |   6548 |  10 | 1020.5 |
          Lair |   5466 |   5278 |    188 |   1434 |   2684 |   5 | 1093.2 |
        Bailey |    378 |    378 |      0 |    177 |      0 |   1 |  378.0 |
               +--------+--------+--------+--------+--------+-----+--------+

Top non-repeatable levels by time:
    D:10: 1680 daAuts
  Lair:3: 1679 daAuts
  Lair:4: 1384 daAuts
     D:5: 1348 daAuts
     D:6: 1219 daAuts
     D:9: 1139 daAuts
     D:2: 1068 daAuts
     D:3: 1053 daAuts
  Lair:5: 885 daAuts
  Lair:1: 813 daAuts
     D:4: 755 daAuts
  Lair:2: 703 daAuts
     D:7: 676 daAuts
     D:8: 637 daAuts
     D:1: 626 daAuts
